 Dungeon Crawl Stone Soup version 0.31-b1-22-gc680215f68 (webtiles) character file.

Game seed: 2411558523828470671

64 octoduck the Ducker (level 4, -1/41 HPs)
             Began as a Gnoll Monk on Jan 19, 2024.
             Slain by an iguana (12 damage)
             ... on level 3 of the Dungeon.
             The game lasted 00:06:45 (2647 turns).

octoduck the Ducker (Gnoll Monk)                    Turns: 2647, Time: 00:06:46

Health: -1/41      AC:  8    Str: 10    XL:     4   Next: 12%
Magic:  5/5        EV:  7    Int: 11    God:
Gold:   25         SH:  0    Dex: 15    Spells: 5/5 levels left

rFire   . . .        a - +0 hand axe
rCold   . . .        (no shield)
rNeg    . . .        r - +0 chain mail
rPois   .            (no helmet)
rElec   .            (no cloak)
rCorr   .            (no gloves)
SInv    .            (no boots)
Will    .....        (no amulet) Stlth
                     (no ring)
HPRegen 0.26/turn    (no ring)
MPRegen 0.09/turn

%: no passive effects
@: no status effects
A: fangs 1, strong nose, distributed training
a: no special abilities


You were on level 3 of the Dungeon.
You visited 1 branch of the dungeon, and saw 3 of its levels.

You collected 109 gold pieces.
You spent 84 gold pieces at shops.

Inventory:

Hand Weapons
 a - a +0 hand axe (weapon)
 f - a +0 sling
 m - a +2 scimitar
Missiles
 g - 5 boomerangs (quivered)
Armour
 b - a +0 robe
 d - an orb of light
 q - a +0 ring mail
 r - a +0 chain mail (worn)
Jewellery
 i - a +5 ring of evasion
Talismans
 h - a beast talisman
Scrolls
 l - 2 scrolls of amnesia
 t - a scroll of teleportation
 u - a scroll of revelation
 v - a scroll of noise
Potions
 c - a potion of ambrosia
 e - a potion of might {unknown}
 j - a potion of enlightenment {unknown}
 n - a potion of heal wounds {unknown}
 p - a potion of haste
 s - a potion of attraction


   Skills:
 + Level 6.6 Fighting
 + Level 1.1 Short Blades
 + Level 1.1 Long Blades
 + Level 6.6 Axes
 + Level 1.1 Maces & Flails
 + Level 1.1 Polearms
 + Level 1.1 Staves
 + Level 1.1 Ranged Weapons
 + Level 1.1 Throwing
 + Level 1.1 Armour
 + Level 6.6 Dodging
 + Level 1.1 Stealth
 + Level 1.1 Shields
 + Level 1.1 Unarmed Combat
 + Level 1.1 Spellcasting
 + Level 0.8 Conjurations
 + Level 0.8 Hexes
 + Level 0.8 Summonings
 + Level 0.8 Necromancy
 + Level 0.8 Translocations
 + Level 0.8 Fire Magic
 + Level 0.8 Ice Magic
 + Level 0.8 Air Magic
 + Level 0.8 Earth Magic
 + Level 0.8 Alchemy
 + Level 1.2 Invocations
 + Level 1.1 Evocations
 + Level 1.0 Shapeshifting


You had 5 spell levels left.
You didn't know any spells.
Your spell library contained the following spells:

 Spells                   Type           Power      Damage    Failure   Level
 Foxfire                  Conj/Fire      8%         2x1d4     100%        1
 Plasma Beam              Fire/Air       1%         2x1d11    100%        6
 Starburst                Conj/Fire      1%         6d3       100%        6


Dungeon Overview and Level Annotations

Branches:
Dungeon (3/15)

Altars:
Hepliaklqana
Wu Jian

Shops:
D:2 ?   D:3 [


Innate Abilities, Weirdness & Mutations

You have very sharp teeth.
Your uncanny sense of smell can sniff out nearby items.
Your experience applies equally to all skills.


Message History

An iguana comes into view.
The iguana hisses angrily.
An iguana is nearby!
The iguana bites you but does no damage.
You hit the iguana but do no damage. You bite the iguana, but do no damage.
The iguana bites you!
You hit the iguana but do no damage.
The iguana bites you but does no damage.
You hit the iguana.
The iguana is moderately wounded.
The iguana bites you!
You slash the iguana!
The iguana is severely wounded.
The iguana bites you but does no damage.
You hit the iguana.
The iguana is almost dead.
You hit the iguana but do no damage.
The iguana is almost dead.
The iguana bites you.
You barely miss the iguana.
The iguana is almost dead.
The iguana bites you!
You are too injured to fight recklessly!
You are too injured to fight recklessly!
You are too injured to fight recklessly!
Unknown command.
You hit the iguana but do no damage.
The iguana is almost dead.
The iguana bites you but does no damage.
You hit the iguana but do no damage.
The iguana is almost dead.
The iguana hisses menacingly.
The iguana bites you.
* * * LOW HITPOINT WARNING * * *
You hit the iguana. You bite the iguana, but do no damage.
The iguana is almost dead.
The iguana bites you!
* * * LOW HITPOINT WARNING * * *
You feel better. The iguana bites you!
You die...

.#.∩##g########## ##... .......#
#... #... #.###### ## .... #...
#.# ∆.. ... .######..÷ #.#
.###..# ##.......... #.## #. ##
..#..#..........g.. #..#
#..#..#.#..... .......<.. ##.#
.....#.#..#.##.######... #.#
#...@l...... #...
#.############.####.### #...
#.##....>..# #.# #.# #...
##.##.#####.###.####.#########...
#...#.#### #...##..........#...
#........# #.......#.#.###.#...
#...#.##.# #........#.#.###.##..
#####.# ......#####.##...........
#.. ....## #.##.#.........


You could see an iguana.

Vanquished Creatures
  2 adders
  2 dart slugs
  2 orcs (D:3)
  4 endoplasms
  A giant cockroach (D:1)
  2 goblins
  6 hobgoblins
  4 quokkas
  3 ball pythons
  3 bats
  4 kobolds
  6 rats
39 creatures vanquished.

Notes
Turn   | Place    | Note
-------+----------+-------------------------------------------
     0 | D:1      | octoduck the Gnoll Monk began the quest for the Orb.
     0 | D:1      | Reached XP level 1. HP: 23/23 MP: 1/1
   310 | D:1      | Reached XP level 2. HP: 22/29 MP: 2/2
   648 | D:2      | Found a hazy altar of Hepliaklqana.
   684 | D:2      | Found Huforrif's Magic Scroll Boutique.
   737 | D:2      | Reached XP level 3. HP: 11/35 MP: 3/3
  1235 | D:2      | Reached skill level 1 in Invocations
  1863 | D:3      | Found an ornate altar of the Wu Jian Council.
  1895 | D:3      | Reached skill level 1 in Short Blades
  1895 | D:3      | Reached skill level 1 in Long Blades
  1895 | D:3      | Reached skill level 1 in Maces & Flails
  1895 | D:3      | Reached skill level 1 in Polearms
  1895 | D:3      | Reached skill level 1 in Staves
  1895 | D:3      | Reached skill level 1 in Ranged Weapons
  1895 | D:3      | Reached skill level 1 in Throwing
  1895 | D:3      | Reached skill level 1 in Armour
  1895 | D:3      | Reached skill level 1 in Stealth
  1895 | D:3      | Reached skill level 1 in Shields
  1895 | D:3      | Reached skill level 1 in Unarmed Combat
  1895 | D:3      | Reached skill level 1 in Spellcasting
  1895 | D:3      | Reached skill level 1 in Evocations
  2012 | D:3      | Found Batoelau's Antique Armour Emporium.
  2276 | D:2      | Bought a scroll of identify for 24 gold pieces
  2276 | D:2      | Bought a scroll of identify for 24 gold pieces
  2276 | D:2      | Bought a scroll of noise for 12 gold pieces
  2276 | D:2      | Bought a scroll of identify for 24 gold pieces
  2473 | D:3      | Reached skill level 1 in Shapeshifting
  2473 | D:3      | Reached XP level 4. HP: 19/41 MP: 5/5
  2646 | D:3      | HP: 1/41 [iguana (12)]
  2647 | D:3      | Slain by an iguana

Illustrated notes

Levels and vault maps discovered:
D:1:      tarquinn_simple_flora_water_c, layout_rooms, hangedman_decor_riveting,
          minmay_misc_feat_encased, fountainhead, minmay_liquid_box
D:2:      layout_loops_cross, serial_shops, shop, basic_altar,
          kennysheep_generic_room_10
D:3:      layout_loops_cross, mainiacjoe_overflow_paths, serial_shops, shop,
          minmay_misc_feat_enclosed

Skill      XL: |  1  2  3 |
---------------+----------+-----
Invocations    | 1 |  1.2
Short Blades   | 1 |  1.1
Long Blades    | 1 |  1.1
Maces & Flails | 1 |  1.1
Polearms       | 1 |  1.1
Staves         | 1 |  1.1
Ranged Weapons | 1 |  1.1
Throwing       | 1 |  1.1
Armour         | 1 |  1.1
Stealth        | 1 |  1.1
Shields        | 1 |  1.1
Unarmed Combat | 1 |  1.1
Spellcasting   | 1 |  1.1
Evocations     | 1 |  1.1
Shapeshifting  | 1 |  1.0
Fighting       | |  6.6
Axes           | |  6.6
Dodging        | |  6.6
Conjurations   | |  0.8
Hexes          | |  0.8
Summonings     | |  0.8
Necromancy     | |  0.8
Translocations | |  0.8
Fire Magic     | |  0.8
Ice Magic      | |  0.8
Air Magic      | |  0.8
Earth Magic    | |  0.8
Alchemy        | |  0.8

Action                     |  1- 3 |  4- 6 || total
---------------------------+-------+-------++-------
  Melee: Hand axe          |   143 |    11 ||   154
         Bite              |    14 |     2 ||    16
         Punch             |     3 |       ||     3
         Scimitar          |    11 |       ||    11
    Use: Scroll            |     8 |       ||     8
         Potion            |       |     1 ||     1
   Stab: Sleeping          |     3 |       ||     3
 Armour: Robe              |    33 |       ||    33
         Chain mail        |    59 |    11 ||    70
  Dodge: Dodged            |    83 |       ||    83
